[ AOE2 MATCH · #506086312 ]
UnrankedTeutons vs Huns
Player's team · WIN
Rival team · LOSS
[ REPLAY ANALYSIS · EXTRACTED FROM THE RECORDED GAME ]
Feudal
14:18
Castle
27:12
Imperial
—
| APM avg | 49.2 |
| APM peak | 103 |
| eAPM avg | 23.4 |
| Villagers / military | 55 / 17 |
Focus
⚔️ 29.3% · 🌾 70.7%
Scout Cavalry ×12 · Militia ×3 · Knight ×2
Feudal
17:13
Castle
—
Imperial
—
| APM avg | 45.1 |
| APM peak | 84 |
| eAPM avg | 29.8 |
| Villagers / military | 76 / 0 |
Focus
⚔️ 33.6% · 🌾 66.4%
Match map
Initial resources + every placement click. Lines = walls · curves = elevation contours. ◆ gold · ⬟ stone · ● berries · ✦ relic · ◌ wall gap
Your base· ✓ Closed at 27:12 · 25t walls · no gate
DK_virot16's base· ✓ Closed at 27:53 · 82t walls · 6 gate(s)
Smoothed initial terrain · ◌ = detected wall gap · hover for details
Inputs per minute
— Ceeelebrate - - DK_virot16
Build order — Ceeelebrate
First 150 of 152 actions detected
| 0:00 | Create | Villager (Male) |
| 0:01 | Build | House |
| 0:02 | Build | House |
| 0:04 | Research | Loom |
| 0:14 | Create | Villager (Male) |
| 0:14 | Create | Villager (Male) |
| 0:15 | Create | Villager (Male) |
| 0:24 | Build | Palisade Wall |
| 2:05 | Create | Villager (Male) |
| 3:11 | Create | Villager (Male) |
| 3:21 | Build | Lumber Camp |
| 3:44 | Build | Palisade Wall |
| 3:46 | Build | Palisade Wall |
| 3:50 | Build | Palisade Wall |
| 3:53 | Build | Palisade Wall |
| 3:53 | Create | Villager (Male) |
| 4:02 | Build | Palisade Wall |
| 5:01 | Create | Villager (Male) |
| 5:06 | Build | Palisade Wall |
| 6:13 | Create | Villager (Male) |
| 6:35 | Build | House |
| 7:33 | Create | Villager (Male) |
| 7:33 | Create | Villager (Male) |
| 8:13 | Create | Villager (Male) |
| 8:13 | Create | Villager (Male) |
| 8:19 | Build | House |
| 8:28 | Create | Villager (Male) |
| 8:28 | Create | Villager (Male) |
| 8:49 | Create | Villager (Male) |
| 9:06 | Build | Mill |
| 9:08 | Create | Villager (Male) |
| 9:23 | Build | Mill |
| 9:42 | Create | Villager (Male) |
| 9:56 | Create | Villager (Male) |
| 10:27 | Create | Villager (Male) |
| 10:33 | Build | House |
| 11:11 | Create | Villager (Male) |
| 11:23 | Build | Barracks |
| 11:30 | Build | Mining Camp |
| 11:38 | Create | Villager (Male) |
| 12:08 | Research | Feudal Age |
| 12:18 | Create | Militia |
| 13:03 | Create | Militia |
| 13:03 | Create | Militia |
| 13:09 | Build | House |
| 13:31 | Build | Mining Camp |
| 13:45 | Create | Villager (Male) |
| 13:46 | Create | Villager (Male) |
| 14:18 | Age | Feudal Age |
| 14:28 | Build | Watch Tower |
| 14:37 | Research | Man-at-Arms (upgrade) |
| 14:48 | Build | Lumber Camp |
| 14:51 | Create | Villager (Male) |
| 15:16 | Create | Villager (Male) |
| 15:22 | Create | Villager (Male) |
| 15:50 | Build | Watch Tower |
| 15:54 | Create | Villager (Male) |
| 16:01 | Build | Farm |
| 16:05 | Research | Double-Bit Axe |
| 16:26 | Create | Villager (Male) |
| 16:29 | Build | Farm |
| 16:38 | Build | House |
| 17:14 | Create | Villager (Male) |
| 17:27 | Build | Watch Tower |
| 17:28 | Create | Villager (Male) |
| 17:31 | Build | Farm |
| 17:47 | Create | Villager (Male) |
| 18:00 | Create | Villager (Male) |
| 18:02 | Build | Farm |
| 18:05 | Build | Farm |
| 18:07 | Build | Farm |
| 18:12 | Create | Villager (Male) |
| 18:46 | Create | Villager (Male) |
| 18:57 | Build | Watch Tower |
| 19:02 | Create | Villager (Male) |
| 19:04 | Build | Farm |
| 19:05 | Build | Farm |
| 19:23 | Build | House |
| 19:24 | Build | House |
| 19:26 | Build | Palisade Wall |
| 19:35 | Create | Villager (Male) |
| 19:46 | Create | Villager (Male) |
| 19:48 | Build | House |
| 19:51 | Build | Farm |
| 20:04 | Create | Villager (Male) |
| 20:07 | Build | Farm |
| 20:11 | Build | Farm |
| 20:20 | Build | Palisade Wall |
| 20:32 | Create | Villager (Male) |
| 20:40 | Create | Villager (Male) |
| 20:42 | Build | Farm |
| 20:44 | Build | Farm |
| 20:48 | Build | Palisade Wall |
| 20:49 | Build | Palisade Wall |
| 21:03 | Create | Villager (Male) |
| 21:23 | Create | Villager (Male) |
| 21:28 | Build | Farm |
| 21:29 | Research | Horse Collar |
| 21:32 | Build | Farm |
| 21:33 | Build | Farm |
| 21:34 | Build | Farm |
| 21:35 | Build | Farm |
| 21:36 | Build | Farm |
| 22:02 | Build | Palisade Wall |
| 22:04 | Build | Palisade Wall |
| 22:05 | Build | Palisade Wall |
| 22:06 | Build | Palisade Wall |
| 22:07 | Create | Villager (Male) |
| 22:19 | Create | Villager (Male) |
| 22:24 | Build | Farm |
| 22:26 | Build | Farm |
| 22:28 | Build | Farm |
| 22:45 | Build | Farm |
| 22:59 | Build | Market |
| 23:23 | Create | Villager (Male) |
| 23:32 | Build | House |
| 23:37 | Build | Blacksmith |
| 23:38 | Create | Villager (Male) |
| 23:50 | Build | House |
| 24:07 | Research | Town Watch |
| 24:20 | Research | Castle Age |
| 24:30 | Build | Stable |
| 24:48 | Research | Scale Barding Armor |
| 25:13 | Create | Villager (Male) |
| 25:14 | Create | Scout Cavalry |
| 25:14 | Create | Scout Cavalry |
| 25:35 | Research | Forging |
| 25:40 | Build | Stable |
| 25:44 | Create | Scout Cavalry |
| 26:24 | Create | Scout Cavalry |
| 26:25 | Create | Scout Cavalry |
| 26:25 | Create | Scout Cavalry |
| 26:28 | Create | Villager (Male) |
| 26:37 | Build | House |
| 26:39 | Build | House |
| 26:51 | Create | Villager (Male) |
| 27:08 | Research | Bloodlines |
| 27:10 | Create | Scout Cavalry |
| 27:12 | Age | Castle Age |
| 27:19 | Create | Villager (Male) |
| 27:33 | Build | Castle |
| 27:37 | Create | Villager (Male) |
| 27:39 | Create | Scout Cavalry |
| 27:39 | Create | Scout Cavalry |
| 27:40 | Create | Scout Cavalry |
| 28:04 | Create | Villager (Male) |
| 28:13 | Create | Scout Cavalry |
| 28:13 | Create | Scout Cavalry |
| 28:17 | Create | Knight |
| 28:29 | Create | Villager (Male) |
Build order — DK_virot16
First 150 of 172 actions detected
| 0:00 | Create | Villager (Male) |
| 0:00 | Create | Villager (Male) |
| 0:01 | Create | Villager (Male) |
| 0:09 | Create | Villager (Male) |
| 0:12 | Research | Loom |
| 0:12 | Create | Villager (Male) ×3 |
| 2:16 | Create | Villager (Male) |
| 2:46 | Build | Palisade Wall |
| 3:12 | Build | Palisade Gate |
| 3:27 | Build | Palisade Wall |
| 3:28 | Build | Palisade Wall |
| 3:44 | Create | Villager (Male) |
| 4:10 | Build | Palisade Gate |
| 4:57 | Create | Villager (Male) |
| 5:33 | Build | Palisade Wall |
| 5:33 | Build | Palisade Wall |
| 5:49 | Build | Palisade Wall |
| 6:08 | Create | Villager (Male) |
| 6:57 | Build | Palisade Wall |
| 6:58 | Build | Palisade Wall |
| 6:58 | Build | Palisade Wall |
| 7:08 | Build | Palisade Wall |
| 7:14 | Build | Palisade Wall |
| 7:15 | Build | Palisade Wall |
| 7:16 | Create | Villager (Male) |
| 7:30 | Build | Palisade Wall |
| 7:31 | Build | Palisade Wall |
| 7:33 | Build | Palisade Wall |
| 7:44 | Create | Villager (Male) |
| 8:09 | Build | Palisade Wall |
| 8:11 | Build | Palisade Wall |
| 8:16 | Create | Villager (Male) |
| 8:36 | Create | Villager (Male) |
| 9:13 | Create | Villager (Male) |
| 9:33 | Create | Villager (Male) |
| 9:33 | Create | Villager (Male) |
| 9:55 | Create | Villager (Male) |
| 10:00 | Build | Lumber Camp |
| 10:27 | Create | Villager (Male) |
| 10:27 | Create | Villager (Male) |
| 11:01 | Create | Villager (Male) |
| 11:01 | Create | Villager (Male) |
| 11:15 | Build | Palisade Wall |
| 11:24 | Create | Villager (Male) |
| 11:28 | Build | Palisade Wall |
| 11:43 | Build | Palisade Wall |
| 12:05 | Build | Palisade Wall |
| 12:30 | Create | Villager (Male) |
| 12:30 | Create | Villager (Male) |
| 12:30 | Create | Villager (Male) |
| 12:40 | Build | Mill |
| 12:41 | Create | Villager (Male) |
| 12:42 | Create | Villager (Male) |
| 12:42 | Create | Villager (Male) |
| 12:55 | Create | Villager (Male) |
| 12:55 | Create | Villager (Male) |
| 13:43 | Build | Mill |
| 13:59 | Create | Villager (Male) |
| 14:00 | Create | Villager (Male) |
| 14:04 | Build | Palisade Wall |
| 14:11 | Build | Palisade Wall |
| 14:37 | Build | Palisade Wall |
| 14:41 | Build | Palisade Wall |
| 14:43 | Build | Palisade Wall |
| 14:44 | Create | Villager (Male) |
| 14:49 | Research | Feudal Age |
| 15:34 | Build | Palisade Gate |
| 16:04 | Build | Mining Camp |
| 16:09 | Create | Villager (Male) |
| 16:10 | Create | Villager (Male) |
| 16:24 | Build | Palisade Wall |
| 16:27 | Build | Palisade Wall |
| 16:49 | Build | Palisade Wall |
| 16:51 | Build | Palisade Wall |
| 17:13 | Age | Feudal Age |
| 17:29 | Build | Watch Tower |
| 17:42 | Create | Villager (Male) |
| 17:42 | Create | Villager (Male) |
| 18:04 | Create | Villager (Male) |
| 18:04 | Create | Villager (Male) |
| 18:06 | Build | Watch Tower |
| 18:08 | Create | Villager (Male) |
| 18:11 | Create | Villager (Male) |
| 18:11 | Create | Villager (Male) |
| 18:26 | Build | Palisade Gate |
| 18:31 | Build | Palisade Wall |
| 18:33 | Build | Palisade Wall |
| 18:35 | Build | Palisade Wall |
| 18:42 | Build | Palisade Wall |
| 18:45 | Build | Palisade Wall |
| 18:49 | Build | Watch Tower |
| 18:54 | Create | Villager (Male) |
| 19:02 | Build | Palisade Gate |
| 19:08 | Create | Villager (Male) |
| 19:08 | Create | Villager (Male) |
| 19:44 | Create | Villager (Male) |
| 19:44 | Create | Villager (Male) |
| 19:47 | Build | Palisade Gate |
| 19:49 | Build | Palisade Wall |
| 19:54 | Create | Villager (Male) |
| 19:56 | Build | Palisade Wall |
| 20:30 | Create | Villager (Male) |
| 20:37 | Build | Farm |
| 20:38 | Build | Farm |
| 20:51 | Build | Palisade Gate |
| 21:41 | Build | Farm |
| 21:41 | Build | Farm |
| 21:41 | Build | Farm |
| 21:42 | Build | Farm |
| 21:42 | Build | Farm |
| 21:42 | Build | Farm |
| 21:43 | Create | Villager (Male) |
| 22:01 | Create | Villager (Male) |
| 22:07 | Research | Double-Bit Axe |
| 22:07 | Create | Villager (Male) |
| 22:21 | Create | Villager (Male) |
| 22:36 | Build | Farm |
| 22:38 | Create | Villager (Male) |
| 22:54 | Build | Stone Wall |
| 22:54 | Build | Stone Wall |
| 22:55 | Build | Stone Wall |
| 22:55 | Build | Stone Wall |
| 22:56 | Build | Stone Wall |
| 22:57 | Build | Stone Wall |
| 22:58 | Build | Stone Wall |
| 22:59 | Build | Stone Wall |
| 23:09 | Create | Villager (Male) |
| 23:10 | Create | Villager (Male) |
| 23:11 | Build | Farm |
| 23:11 | Build | Farm |
| 23:11 | Build | Farm |
| 23:12 | Build | Farm |
| 23:12 | Build | Farm |
| 23:12 | Build | Farm |
| 23:25 | Create | Villager (Male) |
| 23:33 | Create | Villager (Male) |
| 23:36 | Create | Villager (Male) |
| 23:38 | Build | Farm |
| 23:41 | Build | Farm |
| 23:52 | Create | Villager (Male) |
| 24:05 | Create | Villager (Male) |
| 24:08 | Build | Farm |
| 24:10 | Build | Farm |
| 24:16 | Build | Watch Tower |
| 24:19 | Create | Villager (Male) |
| 24:27 | Create | Villager (Male) |
| 24:32 | Build | Mining Camp |
| 24:37 | Create | Villager (Male) |
| 24:37 | Create | Villager (Male) |
| 24:48 | Create | Villager (Male) |
Match timeline
| 0:24 | Ceeelebrate · wall_segment Palisade Wall x13 |
| 2:46 | DK_virot16 · wall_segment Palisade Wall x4 |
| 3:27 | DK_virot16 · wall_segment Palisade Wall x1 |
| 3:28 | DK_virot16 · wall_segment Palisade Wall x1 |
| 3:44 | Ceeelebrate · wall_segment Palisade Wall x1 |
| 3:46 | Ceeelebrate · wall_segment Palisade Wall x1 |
| 3:50 | Ceeelebrate · wall_segment Palisade Wall x1 |
| 3:53 | Ceeelebrate · wall_segment Palisade Wall x1 |
| 4:02 | Ceeelebrate · wall_segment Palisade Wall x1 |
| 5:06 | Ceeelebrate · wall_segment Palisade Wall x1 |
| 5:33 | DK_virot16 · wall_segment Palisade Wall x1 |
| 5:33 | DK_virot16 · wall_segment Palisade Wall x1 |
| 5:49 | DK_virot16 · wall_segment Palisade Wall x7 |
| 6:57 | DK_virot16 · wall_segment Palisade Wall x1 |
| 6:58 | DK_virot16 · wall_segment Palisade Wall x1 |
| 6:58 | DK_virot16 · wall_segment Palisade Wall x1 |
| 7:08 | DK_virot16 · wall_segment Palisade Wall x1 |
| 7:14 | DK_virot16 · wall_segment Palisade Wall x1 |
| 7:15 | DK_virot16 · wall_segment Palisade Wall x1 |
| 7:30 | DK_virot16 · wall_segment Palisade Wall x1 |
| 7:31 | DK_virot16 · wall_segment Palisade Wall x1 |
| 7:33 | DK_virot16 · wall_segment Palisade Wall x1 |
| 8:09 | DK_virot16 · wall_segment Palisade Wall x1 |
| 8:11 | DK_virot16 · wall_segment Palisade Wall x1 |
| 11:15 | DK_virot16 · wall_segment Palisade Wall x1 |
| 11:23 | Ceeelebrate · first_building Barracks |
| 11:28 | DK_virot16 · wall_segment Palisade Wall x1 |
| 11:43 | DK_virot16 · wall_segment Palisade Wall x1 |
| 12:05 | DK_virot16 · wall_segment Palisade Wall x1 |
| 14:04 | DK_virot16 · wall_segment Palisade Wall x1 |
| 14:11 | DK_virot16 · wall_segment Palisade Wall x1 |
| 14:18 | Ceeelebrate · age_up feudal |
| 14:37 | DK_virot16 · wall_segment Palisade Wall x6 |
| 14:41 | DK_virot16 · wall_segment Palisade Wall x4 |
| 14:43 | DK_virot16 · wall_segment Palisade Wall x12 |
| 16:24 | DK_virot16 · wall_segment Palisade Wall x5 |
| 16:27 | DK_virot16 · wall_segment Palisade Wall x1 |
| 16:49 | DK_virot16 · wall_segment Palisade Wall x1 |
| 16:51 | DK_virot16 · wall_segment Palisade Wall x8 |
| 17:13 | DK_virot16 · age_up feudal |
| 18:31 | DK_virot16 · wall_segment Palisade Wall x1 |
| 18:33 | DK_virot16 · wall_segment Palisade Wall x1 |
| 18:35 | DK_virot16 · wall_segment Palisade Wall x1 |
| 18:42 | DK_virot16 · wall_segment Palisade Wall x1 |
| 18:45 | DK_virot16 · wall_segment Palisade Wall x1 |
| 19:26 | Ceeelebrate · wall_segment Palisade Wall x1 |
| 19:49 | DK_virot16 · wall_segment Palisade Wall x1 |
| 19:56 | DK_virot16 · wall_segment Palisade Wall x1 |
| 20:20 | Ceeelebrate · wall_segment Palisade Wall x1 |
| 20:48 | Ceeelebrate · wall_segment Palisade Wall x1 |
| 20:49 | Ceeelebrate · wall_segment Palisade Wall x1 |
| 22:02 | Ceeelebrate · wall_segment Palisade Wall x1 |
| 22:04 | Ceeelebrate · wall_segment Palisade Wall x1 |
| 22:05 | Ceeelebrate · wall_segment Palisade Wall x1 |
| 22:06 | Ceeelebrate · wall_segment Palisade Wall x1 |
| 22:54 | DK_virot16 · wall_segment Stone Wall x1 |
| 22:54 | DK_virot16 · wall_segment Stone Wall x1 |
| 22:55 | DK_virot16 · wall_segment Stone Wall x1 |
| 22:55 | DK_virot16 · wall_segment Stone Wall x1 |
| 22:56 | DK_virot16 · wall_segment Stone Wall x1 |
| 22:57 | DK_virot16 · wall_segment Stone Wall x1 |
| 22:58 | DK_virot16 · wall_segment Stone Wall x1 |
| 22:59 | DK_virot16 · wall_segment Stone Wall x1 |
| 24:30 | Ceeelebrate · first_building Stable |
| 27:12 | Ceeelebrate · age_up castle |
| 27:14 | DK_virot16 · wall_segment Palisade Wall x1 |
| 27:15 | DK_virot16 · wall_segment Palisade Wall x1 |
| 27:33 | Ceeelebrate · first_building Castle |
| 28:49 | DK_virot16 · resign |
[ AI ANALYSIS · 1 CREDIT ]
What really happened in this match?
Wolo.gg analyzes every decision: build order, eco, micro, common mistakes by bracket. Personalized analysis on WhatsApp or Discord in 30 seconds.
Civ guide
Teutons
Perfil
Jugador #2495375